 Dungeon Crawl Stone Soup version 0.27-a0-379-g34d631faf5 (webtiles) character file.

Game seed: 12532419573863709679

585 Ankhboy the Bolt Thrower (level 7, -2/45 HPs)
             Began as a Halfling Hunter on Feb 17, 2021.
             Was an Initiate of Okawaru.
             Killed from afar by an orc wizard (4 damage)
             ... with a magic dart
             ... on level 6 of the Dungeon.
             The game lasted 01:12:04 (3692 turns).

Ankhboy the Bolt Thrower (Halfling Hunter)          Turns: 3692, Time: 01:12:04

Health: -2/45      AC:  3    Str: 13    XL:     7   Next: 64%
Magic:  0/7        EV: 15    Int:  9    God:    Okawaru [......]
Gold:   292        SH:  0    Dex: 17    Spells: 6/6 levels left

rFire    . . .     SeeInvis .   s - +2 flail (holy)
rCold    + . .     Faith    .   (shield restricted)
rNeg     . . .     Spirit   +   c - +0 leather armour
rPois    +         Reflect  .   (no helmet)
rElec    .         Harm     .   (no cloak)
rCorr    .         Rampage  .   (no gloves)
Will     .....                  (no boots)
Stlth    ++........             p - amulet of guardian spirit
HPRegen  0.15/turn              f - ring of poison resistance
MPRegen  0.10/turn              n - ring of protection from cold

@: about to teleport, hasted, very quick
A: small, mutation resistance 1
a: Renounce Religion


You were on level 6 of the Dungeon.
You worshipped Okawaru.
Okawaru was noncommittal.
You visited 2 branches of the dungeon, and saw 7 of its levels.

You collected 292 gold pieces.

Inventory:

Hand Weapons
 a - a +1 hand crossbow
 b - a +0 short sword
 s - a +2 flail of holy wrath (weapon)
Missiles
 d - 43 bolts
Armour
 c - a +0 leather armour (worn)
Magical Staves
 y - a staff of death {unknown}
Jewellery
 f - a ring of poison resistance (left hand)
 n - a ring of protection from cold (right hand)
 p - an amulet of guardian spirit (around neck)
 v - a ring of protection from fire
Wands
 k - a wand of flame (13)
Scrolls
 e - 5 scrolls of magic mapping {unknown}
 m - 3 scrolls of enchant weapon {unknown}
 t - 4 scrolls of amnesia {unknown}
 x - 2 scrolls of fog {unknown}
Potions
 g - a potion of resistance {unknown}
 h - a potion of invisibility
 i - 2 potions of brilliance {unknown}
 j - 3 potions of haste
 l - 2 potions of heal wounds {unknown}
 o - 2 potions of mutation {unknown}
 r - a potion of might {unknown}
 u - 2 potions of attraction {unknown}
 w - 3 potions of curing {unknown}


   Skills:
 + Level 2.8 Fighting
 + Level 1.5 Short Blades
 + Level 1.8 Maces & Flails
 + Level 6.9 Crossbows
 + Level 3.0 Armour
 + Level 3.3 Dodging
 + Level 2.8 Stealth
 + Level 0.1 Evocations


You had 6 spell levels left.
You didn't know any spells.
Your spell library was empty.

Dungeon Overview and Level Annotations

Branches:
Dungeon (6/15)             Temple (1/1) D:5

Altars:
Ashenzari
Cheibriados
Dithmenos
Elyvilon
Fedhas
Gozag
Hepliaklqana
Makhleb
Nemelex Xobeh
Okawaru
Qazlal
Ru
Sif Muna
Trog
Uskayaw
Vehumet
Wu Jian
Xom
Yredelemnul
Zin
The Shining One

Shops:
D:4 *

Annotations:
D:6 1 runed translucent door, Crazy Yiuf


Innate Abilities, Weirdness & Mutations

You are small and have problems with some larger weapons.
You are somewhat resistant to further mutation.


Message History

The orc priest looks braver for a moment.
You barely miss the orc wizard.
The orc priest mumbles some strange prayers to Beogh against you.
Beogh smites you!
The orc wizard hits you with a +0 dagger.
You feel yourself speed up.
The orc wizard hits you but does no damage.
You hit the orc wizard.
The orc wizard is lightly wounded.
The orc wizard points at itself and mumbles some strange words.
The orc wizard flickers and vanishes!
Deactivating autopickup; reactivate with Ctrl-A.
You closely miss something. Something hits you.
You miss something. You barely miss something. Something hits you.
You miss something. Something hits you but does no damage.
You closely miss something. Something hits you but does no damage.
You closely miss something. Something hits you.
You miss something. Something hits you but does no damage.
You closely miss something.
The orc priest looks encouraged for a moment.
Something hits you.
You barely miss something. You hit something but do no damage.
Something barely misses you.
You barely miss something.
The orc priest invokes the aid of Beogh against you.
Beogh smites you!
* * * LOW HITPOINT WARNING * * *
You hear some strange, mumbled words.
A puff of flame appears from out of thin air!
The puff of flame hits you!
* * * LOW HITPOINT WARNING * * *
As you read the scroll of teleportation, it crumbles to dust.
You feel strangely unstable. Something hits you.
* * * LOW HITPOINT WARNING * * *
The orc priest invokes the aid of Beogh against you.
Something writhes in agony!
A magic dart appears from out of thin air!
The magic dart hits you.
You die...

#..# #..######.#
#.........#
#..######## #..#
#..# #### #..#####
...
#......####o####..
##.....@..{o(.((.(
#####.####o##.##.
#.# .# #.# .. #.#
##. #.# #.
########.# #.
#........# #.
#.######.#


You could see an orc priest and 2 orcs.

Vanquished Creatures
  A centaur (D:5)
  The ghost of highc0 the Vexing, an amateur DEEn (D:4)
  3 bullfrog skeletons
  2 orc wizards (D:5)
  2 iguanas
  A worker ant (D:4)
  A hound zombie (D:5)
  A worker ant zombie (D:5)
  9 adders
  An ooze (D:1)
  An adder zombie (D:6)
  3 worms
  3 dart slugs
  6 leopard geckos
  13 orcs
  5 giant cockroaches
  4 goblins
  7 hobgoblins
  3 jackals (D:5)
  4 kobolds
  A quokka (D:3)
  5 bats
  3 frilled lizards
  A leopard gecko zombie (D:5)
  10 rats
91 creatures vanquished.

Notes
Turn   | Place    | Note
-------+----------+-------------------------------------------
     0 | D:1      | Ankhboy the Halfling Hunter began the quest for the Orb.
     0 | D:1      | Reached XP level 1. HP: 14/14 MP: 1/1
   205 | D:1      | Reached XP level 2. HP: 16/19 MP: 2/2
   253 | D:1      | Reached skill level 5 in Crossbows
   376 | D:1      | Reached XP level 3. HP: 24/24 MP: 3/3
  1057 | D:2      | Reached skill level 1 in Armour
  1084 | D:2      | Reached XP level 4. HP: 22/29 MP: 4/4
  1856 | D:4      | Reached XP level 5. HP: 34/34 MP: 5/5
  2041 | D:4      | Reached skill level 1 in Short Blades
  2077 | D:4      | Found Jexir's General Store.
  2209 | D:4      | Found a runed translucent door.
  2262 | D:4      | Noticed highc0's ghost (amateur DEEn)
  2563 | D:4      | Killed highc0's ghost
  2564 | D:4      | Reached skill level 6 in Crossbows
  2564 | D:4      | Reached XP level 6. HP: 33/41 MP: 6/6
  2595 | D:5      | Entered Level 5 of the Dungeon
  2662 | D:5      | Found a staircase to the Ecumenical Temple.
  2682 | Temple   | Entered the Ecumenical Temple
  2694 | Temple   | Became a worshipper of Warmaster Okawaru
  2825 | D:5      | Reached skill level 1 in Maces & Flails
  2916 | D:5      | Reached XP level 7. HP: 45/45 MP: 7/7
  3634 | D:6      | Found a runed translucent door.
  3635 | D:6      | Noticed Crazy Yiuf
  3690 | D:6      | HP: 2/45 [something (1)]
  3692 | D:6      | Killed from afar by an orc wizard

Illustrated notes

Levels and vault maps discovered:
D:1:      noname_arrival_rooms_in_the_neighbourhood, layout_basic
D:2:      layout_loops_cross, minmay_rat_gold_closets
D:3:      layout_loops_ring
D:4:      layout_basic, serial_shops, nicolae_shop_waterfront,
          hellmonk_ghost_happy_afterlife
D:5:      layout_basic, minmay_temple_entry_arrows
D:6:      layout_loops_ring, uniq_crazy_yiuf_cottage
Temple:   nicolae_temple_the_god_donut

Skill      XL: |  1  2  3  4  5  6  7 |
---------------+----------------------+-----
Crossbows      | 5 6 |  6.9
Fighting       | 2 |  2.8
Armour         | 1 2 3 |  3.0
Short Blades   | 1 |  1.5
Stealth        | 2 |  2.8
Dodging        | 3 |  3.3
Maces & Flails | 1 |  1.8
Evocations     | |  0.1

Action                   |  1- 3 |  4- 6 |  7- 9 || total
-------------------------+-------+-------+-------++-------
Melee: Short sword       |    55 |    52 |     7 ||   114
       Flail             |       |    35 |    42 ||    77
 Fire: Hand crossbow     |    45 |    77 |    32 ||   154
Evoke: Wand              |       |     2 |       ||     2
  Use: Scroll            |       |     6 |     3 ||     9
       Potion            |       |       |     3 ||     3
 Stab: Sleeping          |     4 |     6 |     1 ||    11
Armor: Leather armour    |    10 |    10 |     9 ||    29
Dodge: Dodged            |    34 |    65 |    26 ||   125

Table legend: (Time is in decaauts)
 A = Elapsed time spent in this place.
 B = Non-inter-level travel time spent in this place.
 C = Inter-level travel time spent in this place.
 D = Time resting spent in this place.
 E = Time spent auto-exploring this place.
 F = Levels seen in this place.
 G = Mean time per level.
                   A        B        C        D        E       F      G
               +--------+--------+--------+--------+--------+-----+--------+
         Total |   3691 |   3592 |     99 |      0 |      0 |   7 |  527.3 |
       Dungeon |   3609 |   3510 |     99 |      0 |      0 |   6 |  601.5 |
        Temple |     82 |     82 |      0 |      0 |      0 |   1 |   82.0 |
               +--------+--------+--------+--------+--------+-----+--------+

Top non-repeatable levels by time:
     D:4: 779 daAuts
     D:2: 692 daAuts
     D:5: 645 daAuts
     D:3: 606 daAuts
     D:1: 554 daAuts
     D:6: 331 daAuts
  Temple: 82 daAuts
